 Dungeon Crawl Stone Soup version 0.26.0-3-g156281e41b (webtiles) character file.

Game seed: 15987234258350014328

254526 Froggeryz the Peltast (level 19, -22/125 HPs)
             Began as a Gargoyle Wanderer on Jan 9, 2021.
             Was the Champion of Okawaru.
             Killed from afar by a crystal guardian (42 damage)
             ... with a crystal bolt
             ... on level 3 of the Abyss.
             The game lasted 00:50:47 (34019 turns).

Froggeryz the Peltast (Gargoyle Wanderer)          Turns: 34019, Time: 00:50:48

Health: -22/125    AC: 38    Str: 38    XL:     19   Next: 75%
Magic:  25/29      EV: 10    Int: 12    God:    Okawaru [******]
Gold:   2087       SH: 18    Dex: 11    Spells: 29/31 levels left

rFire    + + .     SeeInvis +   d - +9 demon trident of Interdependent Arising {elec, Str+6}
rCold    . . .     Faith    .   R - +1 kite shield {rPois}
rNeg     + + .     Spirit   .   Z - +0 chain mail {rF+}
rPois    ∞         Reflect  .   G - +1 helmet {SInv}
rElec    +         Harm     .   I - +2 cloak {Stlth+}
rCorr    +         Rampage  .   T - +0 pair of gloves {Dex+3}
Will     +....                  D - +1 pair of boots "Riuckya" {*Contam rF+ Regen+ Str+6}
Stlth    ..........             m - amulet of regeneration
HPRegen  1.10/turn              i - ring of positive energy
MPRegen  0.21/turn              K - ring of resist corrosion

@: finesse, flying
A: big wings, negative energy resistance 1, electricity resistance, unbreathing,
petrification resistance, miasma immunity, AC +14
}: 2/15 runes: decaying, serpentine
a: Stop Flying, Renounce Religion, Heroism, Finesse


You were on level 3 of the Abyss.
You worshipped Okawaru.
Okawaru was exalted by your worship.
You visited 8 branches of the dungeon, and saw 34 of its levels.
You visited the Abyss 1 time.
You also visited: Gauntlet and Volcano.

You collected 3355 gold pieces.
You spent 1268 gold pieces at shops.

Inventory:

Hand Weapons
 d - the +9 demon trident of Interdependent Arising (weapon) {elec, Str+6}
   (Okawaru gifted it to you on level 2 of the Orcish Mines)

   Occasionally, upon striking a foe, it can discharge electrical energy and
   cause terrible harm.
   It affects your strength (+6).
Missiles
 e - 18 javelins (quivered)
 r - 8 curare-tipped darts
 Q - 30 silver javelins
Armour
 D - the +1 pair of boots "Riuckya" (worn) {*Contam rF+ Regen+ Str+6}
   (Okawaru gifted it to you on level 9 of the Dungeon)

   It affects your strength (+6).
   It protects you from fire.
   It causes magical contamination when unequipped.
   It increases your rate of regeneration.
 G - a +1 helmet of see invisible (worn)
 I - a +2 cloak of stealth (worn)
 N - a +1 pair of gloves of archery
 R - a +1 kite shield of poison resistance (worn)
 T - a +0 pair of gloves of dexterity (worn)
 Z - a +0 chain mail of fire resistance (worn)
Jewellery
 g - a cursed -4 ring of strength {unknown}
 i - a ring of positive energy (left hand)
 m - an amulet of regeneration (around neck)
 K - a ring of resist corrosion (right hand)
Wands
 j - a wand of digging (15)
 t - a wand of enslavement (20)
 A - a wand of disintegration (46)
 H - a wand of random effects (14)
 L - a wand of acid (15)
 S - a wand of iceblast (41)
 U - a wand of polymorph (25)
 V - a wand of paralysis (10)
 X - a wand of flame (64)
Scrolls
 a - a scroll of brand weapon {unknown}
 b - 10 scrolls of teleportation
 c - 7 scrolls of enchant weapon
 f - 3 scrolls of fog
 n - a scroll of random uselessness {unknown}
 o - 4 scrolls of enchant armour
 q - 2 scrolls of fear
 s - 3 scrolls of summoning
 u - 23 scrolls of remove curse
 w - 7 scrolls of immolation
 x - a scroll of silence
 M - 2 scrolls of magic mapping
 P - 8 scrolls of blinking
 W - 11 scrolls of identify
Potions
 h - 12 potions of curing
 k - 4 potions of haste
 l - a potion of mutation
 p - 6 potions of might
 v - 3 potions of berserk rage
 z - 5 potions of ambrosia
 B - 5 potions of cancellation
 C - 8 potions of heal wounds
 O - 3 potions of resistance


   Skills:
 + Level 15.9 Fighting
 - Level 16.0 Polearms
 - Level 14.1 Armour
 - Level 1.0 Dodging
 - Level 2.1 Stealth
 + Level 18.2 Shields
 + Level 6.7 Spellcasting
 - Level 1.0 Summonings
 - Level 1.5 Air Magic
 - Level 12.5 Invocations
 + Level 6.9 Evocations


You had 29 spell levels left.
You knew the following spells:

 Your Spells              Type           Power        Failure   Level
b - Blink                 Tloc           N/A          54%         2

Your spell library contained the following spells:

 Spells                   Type           Power        Failure   Level
 Summon Small Mammal      Summ           24%          28%         1
 Shock                    Conj/Air       20%          32%         1
 Magic Dart               Conj           16%          41%         1
 Sandblast                Erth           8%           41%         1
 Call Imp                 Summ           6%           41%         2
 Poisonous Vapours        Pois/Air       10%          43%         2
 Passwall                 Tmut/Erth      3%           54%         2
 Searing Ray              Conj           8%           54%         2
 Slow                     Hex            4%           54%         2
 Mephitic Cloud           Conj/Pois/Air  5%           71%         3
 Confusing Touch          Hex            4%           78%         3
 Conjure Flame            Conj/Fire      4%           78%         3
 Dazzling Flash           Conj/Hex       8%           78%         3
 Gell's Gravitas          Tloc           2%           78%         3
 Ozocubu's Armour         Ice            4%           78%         3
 Portal Projectile        Hex/Tloc       8%           78%         3
 Summon Lightning Spire   Summ/Air       7%           95%         4
 Animate Dead             Necr           2%           99%         4
 Fulminant Prism          Conj/Hex       2%           99%         4
 Hailstorm                Conj/Ice       4%           99%         4
 Iskenderun's Mystic Bla  Conj/Tloc      4%           99%         4
 Petrify                  Tmut/Erth      4%           99%         4
 Borgnjor's Vile Clutch   Necr/Erth      2%           100%        5
 Metabolic Englaciation   Hex/Ice        2%           100%        5
 Summon Mana Viper        Hex/Summ       5%           100%        5
 Yara's Violent Unravell  Hex/Tmut       2%           100%        5
 Death Channel            Necr           2%           100%        6
 Dispersal                Tloc           2%           100%        6
 Freezing Cloud           Conj/Ice/Air   2%           100%        6
 Ozocubu's Refrigeration  Ice            2%           100%        6
 Simulacrum               Ice/Necr       2%           100%        6
 Disjunction              Tloc           2%           100%        8
 Shatter                  Erth           2%           100%        9


Dungeon Overview and Level Annotations

Branches:
Dungeon (15/15)            Temple (1/1) D:7            Lair (6/6) D:10
  Swamp (4/4) Lair:3        Snake (4/4) Lair:3        Slime (1/5) Lair:5
    Orc (2/2) D:9             Elf (0/3) Orc:2        Vaults (1/5) D:13
 Depths (0/5) D:15        Volcano (visited)         Gauntlet (visited)

Altars:
Cheibriados
Dithmenos
Elyvilon
Fedhas
Gozag
Hepliaklqana
Kikubaaqudgha
Makhleb
Nemelex Xobeh
Okawaru
Qazlal
Ru
Sif Muna
Trog
Vehumet
Xom
Yredelemnul
Zin
The Shining One
Beogh
Jiyva

Shops:
D:6 :   D:12 }   Orc:1 [   Orc:2 [(*:[(*[

Annotations:
D:9 3 runed translucent doors, lasso's ghost, novice DDFi


Innate Abilities, Weirdness & Mutations

You are resistant to torment.
Your stone body is resilient. (AC +14)
You are immune to poison.
Your large and strong wings let you fly indefinitely.
You resist negative energy. (rN+)
You are resistant to electric shocks. (rElec)
You can survive without breathing.
You are immune to petrification.
You are immune to miasma.


Message History

Aim: a great orb of eyes (severely wounded)
You reach to attack!
You puncture the great orb of eyes!
You kill the great orb of eyes!
Okawaru accepts your kill.
The great orb of eyes's shape twists and changes as it dies.
Reach: d) +9 demon trident of Interdependent Arising {elec, Str+6}
Press: ? - help, Dir - move target, f - great orb of eyes
Aim: a great orb of eyes The crystal guardian is in the way.
You hit the crystal guardian.
The crystal guardian is lightly damaged.
The guardian serpent hits you but does no damage.
You block the crystal guardian's attack.
Reach: d) +9 demon trident of Interdependent Arising {elec, Str+6}
Press: ? - help, Dir - move target, f/p - great orb of eyes
Aim: a great orb of eyes The guardian serpent is in the way.
You puncture the guardian serpent!
The guardian serpent is almost dead.
The crystal guardian fires a crystalline bolt at you.
The crystal bolt freezes you!!!
You die...

..............
................
... ..$. .......
.. ∩. . .....#..
#... .......
####..#.....#.
#.#.#.#.........
......8#...#.# .
.....GS@#. #
...φ..8##....#
....... #) .#
....... .#.
....... ....#.
.#+++#. ..#.# ##
###. [#


You could see a great orb of eyes, 2 crystal guardians and a guardian serpent.

Vanquished Creatures
  Saint Roka (Snake:4)
  A sphinx (D:15)
  A tentacled starspawn (Abyss:2)
  11 nagarajas
  An orc warlord (Orc:2)
  A red draconian (Volcano)
  A minotaur (Gauntlet)
  4 bunyips
  3 eleionomae
  2 death oozes (Swamp:4)
  Josephine (Orc:1)
  2 green deaths (Swamp:4)
  2 shambling mangroves
  A great orb of eyes (shapeshifter) (Abyss:3)
  4 vault guards (D:13)
  18 hydras
  Harold (D:10)
  A hell beast (Swamp:4)
  2 ghost crabs (Swamp:1)
  18 naga warriors
  A catoblepas (D:14)
  The ghost of Descartes the Protected, a journeyman FoFi of Gozag (D:10)
  A death yak (Lair:3)
  7 anacondas
  5 boulder beetles
  A queen ant (Lair:2)
  4 centaur warriors
  8 two-headed ogres
  9 alligators
  A tengu warrior (D:14)
  Urug (D:13)
  A thrashing horror (Swamp:4)
  12 naga sharpshooters
  An orc high priest (Orc:2)
  Nergalle (D:11)
  Sonja (D:10)
  6 shock serpents
  A deep elf knight (D:15)
  A spatial maelstrom (Abyss:2)
  5 skeletal warriors (D:15)
  2 sea snakes (Snake:3)
  6 salamander mystics (Snake:4)
  A deep troll (shapeshifter) (D:15)
  An unseen horror (D:11)
  5 goliath frogs
  A sea snake (shapeshifter) (D:15)
  8 swamp dragons
  11 naga ritualists
  A glowing orange brain (D:15)
  8 bog bodies
  9 spriggan druids
  Pikel (D:3)
  13 mana vipers
  4 orc knights (Orc:2)
  A cyclops (shapeshifter) (D:15)
  A wolf spider (Lair:6)
  A shining eye (Gauntlet)
  4 will-o-the-wisps
  6 salamanders
  4 cyclopes
  5 orc sorcerers
  4 manticores
  8 ugly things
  8 guardian serpents
  A smoke demon (Gauntlet)
  39 black mambas
  2 centaur zombies
  14 naga magi
  2 molten gargoyles (Volcano)
  A guardian serpent (shapeshifter) (Abyss:3)
  A gargoyle (D:10)
  2 torpor snails
  4 orange demons (Swamp:4)
  A kobold demonologist (D:15)
  20 cane toads
  2 rime drakes
  6 komodo dragons
  A tengu conjurer (D:14)
  A queen bee (Lair:1)
  10 trolls
  11 polar bears
  15 hornets
  3 bloated husks
  4 large abominations
  Grinder (D:4)
  A wolf spider simulacrum (Gauntlet)
  9 tyrant leeches
  4 raiju (Lair:6)
  15 blink frogs
  12 dream sheep
  25 slime creatures
  3 redbacks (Lair:6)
  14 spriggans
  A vampire (D:13)
  56 yaks
  16 wyverns
  A shadow (Swamp:4)
  A fire bat (Volcano)
  11 wraiths
  8 basilisks
  A neqoxec (Abyss:2)
  2 steam dragons
  2 golden eyes
  20 soldier ants (Lair:2)
  Menkaure (D:4)
  22 vampire mosquitoes
  8 wargs
  70 nagas
  20 swamp worms
  2 acid dragons
  15 hell hounds
  25 water moccasins
  A floating eye (shapeshifter) (D:15)
  3 swamp drakes
  3 ice beasts
  35 orc warriors
  3 sky beasts
  A sky beast (shapeshifter) (D:14)
  2 phantoms
  13 black bears
  11 centaurs
  12 ogres
  30 wolves
  3 necrophages
  7 big kobolds
  25 bullfrogs
  A cane toad simulacrum (Gauntlet)
  6 scorpions
  A water moccasin skeleton (D:11)
  22 killer bees
  15 wights
  5 electric eels
  4 howler monkeys
  3 crimson imps (Gauntlet)
  5 lava snakes (Volcano)
  4 bullfrog zombies
  2 human zombies (D:14)
  3 jellies
  2 quasits (D:10)
  A wyvern simulacrum (Gauntlet)
  10 hounds
  25 orc priests
  32 orc wizards
  6 bullfrog skeletons
  7 centaur skeletons
  3 iguanas
  6 hell rats (Lair:6)
  29 worker ants
  A killer bee zombie (D:10)
  An ogre zombie (D:14)
  15 adders
  11 gnolls
  A howler monkey skeleton (D:9)
  3 shadow imps
  4 white imps
  An ooze (D:2)
  A worm (D:2)
  2 dart slugs
  2 leopard geckos
  84 orcs
  4 bats
  8 giant cockroaches
  7 goblins
  10 hobgoblins
  6 jackals
  3 quokkas
  3 ball pythons
  7 frilled lizards
  A jackal skeleton (D:7)
  41 kobolds
  An orc zombie (D:14)
  A quokka zombie (D:7)
  7 rats
  A starspawn tentacle (Abyss:2)
1330 creatures vanquished.

Vanquished Creatures (others)
  A black mamba (Snake:1)
  2 bloated husks (Swamp:4)
  A tyrant leech (Swamp:1)
  2 spriggans (Swamp:4)
  22 foxfires
  36 fungi
  97 plants
  2 starspawn tentacles (Abyss:2)
  11 withered plants (Gauntlet)
174 creatures vanquished.

Grand Total: 1504 creatures vanquished

Notes
Turn   | Place    | Note
-------+----------+-------------------------------------------
     0 | D:1      | Froggeryz the Gargoyle Wanderer began the quest for the
                  | Orb.
     0 | D:1      | Froggeryz set off with the following items: a +2 spear, a
                  | scroll of teleportation, a +0 robe, a +0 dagger; and the
                  | following spell memorised: Shock; and the following spells
                  | available to memorise: Mephitic Cloud
     0 | D:1      | Reached XP level 1. HP: 12/12 MP: 1/1
   369 | D:1      | Reached XP level 2. HP: 14/19 MP: 2/2
  1074 | D:2      | Reached XP level 3. HP: 19/24 MP: 3/3
  1149 | D:2      | Reached skill level 1 in Armour
  1293 | D:2      | Reached XP level 4. HP: 22/30 MP: 4/4
  1727 | D:2      | Found a snail-covered altar of Cheibriados.
  1791 | D:2      | Found a basalt altar of Yredelemnul.
  1867 | D:2      | Found a sparkling altar of Nemelex Xobeh.
  2262 | D:3      | Found a bloodstained altar of Trog.
  2341 | D:3      | Reached XP level 5. HP: 24/34 MP: 5/5
  2746 | D:3      | Reached skill level 2 in Shields
  3054 | D:3      | Noticed a big kobold
  3080 | D:3      | Killed a big kobold
  3081 | D:3      | Reached skill level 5 in Fighting
  3081 | D:3      | Reached XP level 6. HP: 40/40 MP: 6/6
  3118 | D:4      | Noticed Pikel
  3137 | D:3      | Killed Pikel
  3138 | D:3      | Reached skill level 5 in Shields
  3138 | D:3      | Reached XP level 7. HP: 16/44 MP: 7/7
  3398 | D:4      | Noticed Grinder
  3438 | D:4      | Killed Grinder
  3439 | D:4      | Reached XP level 8. HP: 49/49 MP: 8/8
  3597 | D:4      | Reached skill level 6 in Shields
  3816 | D:4      | Reached skill level 5 in Polearms
  3889 | D:4      | Noticed Menkaure
  3901 | D:4      | Killed Menkaure
  4388 | D:5      | Entered Level 5 of the Dungeon
  4485 | D:5      | Found a shimmering blue altar of Sif Muna.
  5343 | D:6      | Found Qotamooh's Book Shop.
  5396 | D:6      | Reached XP level 9. HP: 40/56 MP: 9/9
  6033 | D:6      | Got a masterwork scale mail
  6034 | D:6      | Identified the cursed +0 scale mail of a ziggurat {rN+++
                  | Int+4 Dex-4} (You found it on level 6 of the Dungeon)
  7018 | D:7      | Found a staircase to the Ecumenical Temple.
  7043 | Temple   | Entered the Ecumenical Temple
  7047 | Temple   | Became a worshipper of Warmaster Okawaru
  7498 | D:7      | Reached XP level 10. HP: 63/63 MP: 10/10
  7554 | D:7      | Reached * piety under Okawaru
  8189 | D:8      | Reached skill level 5 in Armour
  8242 | D:8      | Reached skill level 10 in Polearms
  8839 | D:8      | Noticed a two-headed ogre
  8860 | D:8      | Reached ** piety under Okawaru
  8909 | D:8      | Killed a two-headed ogre
  9368 | D:8      | Found an opulent altar of Gozag.
  9469 | D:8      | Found an ancient bone altar of Kikubaaqudgha.
  9668 | D:9      | Found a white marble altar of Elyvilon.
  9695 | D:9      | Found a glowing silver altar of Zin.
  9742 | D:9      | Found a staircase to the Orcish Mines.
  9762 | D:9      | Reached *** piety under Okawaru
 10267 | D:9      | Found a shimmering altar of Xom.
 10471 | D:9      | Reached XP level 11. HP: 65/67 MP: 11/11
 10651 | D:9      | Found a runed translucent gate.
 10652 | D:9      | Found a runed translucent gate.
 10653 | D:9      | Found a runed translucent gate.
 10653 | D:9      | Noticed a nine-headed hydra
 10653 | D:9      | Noticed lasso's ghost (novice DDFi)
 10657 | D:9      | Noticed an 11-headed hydra
 10858 | D:10     | Entered Level 10 of the Dungeon
 10892 | D:10     | Found a runed translucent door.
 10900 | D:10     | Identified the +9 spear "Kexki" {drain, Int+4 SInv}
 10902 | D:10     | Noticed a spriggan rider
 10904 | D:10     | Noticed Descartes's ghost (journeyman FoFi)
 10925 | D:10     | Reached **** piety under Okawaru
 10926 | D:10     | Noticed Sonja
 10932 | D:10     | Noticed Harold
 10945 | D:10     | Killed Sonja
 11491 | D:10     | Noticed a two-headed ogre
 11841 | D:9      | Killed a two-headed ogre
 11841 | D:9      | Reached ***** piety under Okawaru
 12167 | D:10     | Found a staircase to the Lair.
 12355 | D:10     | Killed Harold
 12521 | D:9      | Received a gift from Okawaru
 12539 | D:9      | Got a pair of crude boots {god gift}
 12550 | D:9      | Identified the +1 pair of boots "Riuckya" {*Contam rF+
                  | Regen+ Str+6} (Okawaru gifted it to you on level 9 of the
                  | Dungeon)
 13229 | D:10     | Killed Descartes's ghost
 13262 | D:10     | Identified the Almanac of Ice and Stones
 13290 | Lair:1   | Entered Level 1 of the Lair of Beasts
 13506 | Lair:1   | Found a dark tunnel.
 13512 | Lair:1   | Reached XP level 12. HP: 68/72 MP: 12/12
 13525 | Volcano  | Entered a volcano
 13643 | Volcano  | Found a bloodstained altar of Trog.
 13643 | Volcano  | Noticed a centaur warrior
 13652 | Volcano  | Killed a centaur warrior
 13705 | Volcano  | Noticed a red draconian
 13725 | Volcano  | Killed a red draconian
 13778 | Volcano  | Received a gift from Okawaru
 14002 | Lair:1   | Reached skill level 15 in Polearms
 14800 | Lair:2   | Noticed a queen ant
 14830 | Lair:2   | Killed a queen ant
 14831 | Lair:2   | Reached skill level 7 in Shields
 14872 | Lair:2   | Reached XP level 13. HP: 75/76 MP: 13/13
 14884 | Lair:2   | Reached skill level 8 in Shields
 15064 | Lair:2   | Received a gift from Okawaru
 15065 | Lair:2   | Reached skill level 9 in Shields
 15101 | Lair:2   | Got a translucent glaive {god gift}
 15589 | Lair:3   | Reached skill level 10 in Shields
 15717 | Lair:3   | Reached ****** piety under Okawaru
 15717 | Lair:3   | Received a gift from Okawaru
 15733 | Lair:3   | Found a staircase to the Snake Pit.
 15739 | Lair:3   | Reached skill level 11 in Shields
 15851 | Lair:3   | Got a heavily runed plate armour
 15865 | Lair:3   | Identified the +1 plate armour of the Doldrums {Harm Str+3}
                  | (You found it on level 3 of the Lair of Beasts)
 16204 | Lair:3   | Received a gift from Okawaru
 16205 | Lair:3   | Got a pair of scorched boots {god gift}
 16350 | Lair:3   | Reached skill level 12 in Shields
 16510 | Lair:3   | Found a staircase to the Swamp.
 17028 | Lair:4   | Reached skill level 13 in Shields
 17513 | Lair:5   | Gained mutation: Your large and strong wings let you fly
                  | indefinitely. [Gargoyle growth]
 17513 | Lair:5   | Reached XP level 14. HP: 72/82 MP: 14/14
 17765 | Lair:5   | Reached skill level 14 in Shields
 17793 | Lair:5   | Found a viscous altar of Jiyva.
 17803 | Lair:5   | Found a staircase to the Slime Pits.
 17868 | Lair:5   | Received a gift from Okawaru
 18411 | Slime:1  | Entered Level 1 of the Pits of Slime
 18433 | Lair:6   | Entered Level 6 of the Lair of Beasts
 18778 | Lair:6   | Reached skill level 15 in Shields
 19199 | Lair:6   | Received a gift from Okawaru
 19241 | Lair:6   | Reached skill level 16 in Shields
 19310 | Lair:6   | Identified the -2 pair of boots of the Turtledove {Will-
                  | Int+6 Dex+5} (Okawaru gifted it to you on level 3 of the
                  | Lair of Beasts)
 19311 | Lair:6   | Identified the +6 glaive "Giypaobbe" {vorpal, rElec Will+
                  | Stlth+} (Okawaru gifted it to you on level 2 of the Lair of
                  | Beasts)
 19639 | Lair:6   | Received a gift from Okawaru
 19915 | Lair:6   | Reached skill level 17 in Shields
 19972 | Lair:6   | Reached XP level 15. HP: 61/86 MP: 15/15
 20146 | Lair:6   | Reached skill level 1 in Invocations
 20810 | Orc:1    | Entered Level 1 of the Orcish Mines
 20845 | Orc:1    | Found Liquol Gaci's Antique Armour Boutique.
 20850 | Orc:1    | Found a roughly hewn altar of Beogh.
 20954 | Orc:1    | Found a radiant altar of Vehumet.
 21072 | Orc:1    | Paralysed by an orc sorcerer for 2 turns
 21277 | Orc:2    | Entered Level 2 of the Orcish Mines
 21277 | Orc:2    | Noticed Josephine
 21324 | Orc:1    | Killed Josephine
 21407 | Orc:2    | Noticed an orc warlord
 21679 | Orc:2    | Killed an orc warlord
 21679 | Orc:2    | Received a gift from Okawaru
 21688 | Orc:2    | Got a crystal demon trident {god gift}
 21689 | Orc:2    | Identified the +9 demon trident of Interdependent Arising
                  | {elec, Str+6} (Okawaru gifted it to you on level 2 of the
                  | Orcish Mines)
 21765 | Orc:2    | Found a roughly hewn altar of Beogh.
 21770 | Orc:2    | Found Qucuj's Antique Armour Shoppe.
 21838 | Orc:2    | Found Bacal's Book Shoppe.
 21896 | Orc:2    | Found Baeduste's Antique Armour Emporium.
 21938 | Orc:2    | Found Kasutepn's Antique Weapon Shoppe.
 21941 | Orc:2    | Found Bebalurr's Armour Shop.
 22075 | Orc:2    | Found Afacsa's General Store.
 22088 | Orc:2    | Bought a scroll of blinking for 112 gold pieces
 22088 | Orc:2    | Bought a scroll of amnesia for 52 gold pieces
 22088 | Orc:2    | Bought a scroll of enchant weapon for 112 gold pieces
 22146 | Orc:2    | Found a staircase to the Elven Halls.
 22383 | Orc:2    | Bought a book of Minor Magic for 340 gold pieces
 22386 | Orc:2    | Learned a level 2 spell: Blink
 22427 | Orc:2    | Bought a shiny helmet for 232 gold pieces
 22447 | Orc:2    | Found Xigost's General Store.
 22460 | Orc:2    | Bought an uncursed amulet of regeneration for 420 gold
                  | pieces
 22498 | Orc:2    | Found Nesuso's Antique Weapon Shoppe.
 22810 | D:11     | Reached skill level 5 in Invocations
 22853 | D:11     | Noticed Nergalle
 22884 | D:11     | Killed Nergalle
 23670 | D:12     | Received a gift from Okawaru
 23697 | D:12     | Found a gate leading to a gauntlet.
 23704 | Gauntlet | Entered a Gauntlet
 23704 | Gauntlet | Found a transporter.
 23704 | Gauntlet | Found a transporter.
 23705 | Gauntlet | Found a transporter.
 23708 | Gauntlet | Found a transporter.
 23719 | Gauntlet | Found a transporter.
 23719 | Gauntlet | Found a transporter.
 23784 | Gauntlet | Found a transporter.
 23786 | Gauntlet | Found a transporter.
 23788 | Gauntlet | Found a large runed translucent door.
 23788 | Gauntlet | Found a large runed translucent door.
 23789 | Gauntlet | Found a large runed translucent door.
 23789 | Gauntlet | Found a large runed translucent door.
 23881 | Gauntlet | Found a runed translucent door.
 23881 | Gauntlet | Found a runed translucent door.
 23881 | Gauntlet | Found a large runed translucent door.
 23881 | Gauntlet | Found a large runed translucent door.
 23881 | Gauntlet | Found a large runed translucent door.
 23881 | Gauntlet | Found a large runed translucent door.
 23881 | Gauntlet | Found a large runed translucent door.
 23881 | Gauntlet | Found a large runed translucent door.
 23882 | Gauntlet | Found a large runed translucent door.
 23882 | Gauntlet | Found a large runed translucent door.
 23883 | Gauntlet | Found a large runed translucent door.
 23883 | Gauntlet | Found a large runed translucent door.
 23883 | Gauntlet | Found a large runed translucent door.
 23883 | Gauntlet | Found a large runed translucent door.
 23884 | Gauntlet | Found a runed translucent gate.
 23884 | Gauntlet | Found a runed translucent gate.
 23884 | Gauntlet | Found a runed translucent gate.
 23885 | Gauntlet | Found a transporter.
 23887 | Gauntlet | Found a transporter.
 23930 | Gauntlet | Found a transporter.
 23941 | Gauntlet | Gained mutation: Your body sometimes deteriorates upon
                  | taking damage. [a shining eye]
 23959 | Gauntlet | Found a transporter.
 23977 | Gauntlet | Got a shimmering wooden ring
 23983 | Gauntlet | Identified the ring of Hiasas {Ice *Slow +Fly Will+ Dex+6}
                  | (You found it in a Gauntlet)
 24023 | Gauntlet | Identified the Compendium of Creative Clay
 24140 | D:12     | Reached skill level 10 in Fighting
 24154 | D:12     | Found Vipneomm's Gadget Emporium.
 24575 | D:13     | Noticed Urug
 24578 | D:13     | Killed Urug
 24718 | D:13     | Reached XP level 16. HP: 92/97 MP: 21/21
 24982 | D:13     | Found a gate to the Vaults.
 25527 | D:14     | Received a gift from Okawaru
 25740 | D:14     | Reached skill level 10 in Armour
 26130 | D:14     | Found a basalt altar of Yredelemnul.
 26230 | D:15     | Entered Level 15 of the Dungeon
 26285 | D:15     | Found a large runed translucent door.
 26285 | D:15     | Found a large runed translucent door.
 26669 | D:15     | Lost mutation: Your body sometimes deteriorates upon taking
                  | damage. [a shining eye]
 26770 | D:15     | Found a staircase to the Depths.
 27083 | D:15     | Found a hazy altar of Hepliaklqana.
 27092 | D:15     | Found a hazy altar of Hepliaklqana.
 27092 | D:15     | Noticed a sphinx
 27104 | D:15     | Killed a sphinx
 27327 | Swamp:1  | Entered Level 1 of the Swamp
 27422 | Swamp:1  | Received a gift from Okawaru
 27446 | Swamp:1  | Reached skill level 10 in Invocations
 27492 | Swamp:1  | Reached XP level 17. HP: 106/106 MP: 24/24
 27902 | Swamp:2  | You are sucked into a shaft and drop 1 floor!
 28064 | Swamp:3  | Received a gift from Okawaru
 29001 | Swamp:4  | Entered Level 4 of the Swamp
 29031 | Swamp:4  | Received a gift from Okawaru
 29366 | Swamp:4  | Received a gift from Okawaru
 29653 | Swamp:4  | Reached XP level 18. HP: 97/116 MP: 27/27
 29934 | Swamp:4  | Got a decaying rune of Zot
 30080 | Snake:1  | Entered Level 1 of the Snake Pit
 30192 | Snake:1  | Reached skill level 1 in Evocations
 30586 | Snake:1  | Reached skill level 1 in Spellcasting
 31327 | Snake:1  | Received a gift from Okawaru
 32194 | Snake:4  | Entered Level 4 of the Snake Pit
 32320 | Snake:4  | Received a gift from Okawaru
 32467 | Snake:4  | Reached skill level 15 in Fighting
 32599 | Snake:4  | Reached XP level 19. HP: 105/124 MP: 28/28
 32612 | Snake:4  | Received a gift from Okawaru
 32613 | Snake:4  | Reached skill level 5 in Evocations
 32820 | Snake:4  | Reached skill level 5 in Spellcasting
 32891 | Snake:4  | Noticed Saint Roka
 32919 | Snake:4  | Killed Saint Roka
 33078 | Snake:4  | Reached skill level 18 in Shields
 33236 | Snake:4  | Got a serpentine rune of Zot
 33580 | Snake:4  | Received a gift from Okawaru
 33903 | Vaults:1 | Entered Level 1 of the Vaults
 33907 | Vaults:1 | Cast into level 2 of the Abyss (a wizard)
 34019 | Abyss:3  | Killed from afar by a crystal guardian

Illustrated notes

Levels and vault maps discovered:
D:1:      eino_arrival_cavern_a, layout_loops_ring, minmay_pentomino_t2
D:2:      cheibrodos_old_hovel, layout_loops_ring,
          nicolae_overflow_crystal_walls, overflow_temple_1_default,
          nicolae_overflow_hidden_temple
D:3:      layout_basic, bloody_trog, minmay_joined_circles
D:4:      layout_basic, uniq_menkaure, uniq_grinder, uniq_pikel
D:5:      layout_basic, old_standard_altar
D:6:      layout_loops_cross, serial_shops, shop
D:7:      layout_loops_ring, minmay_temple_entry_stoned_glass, sigmund_army
D:8:      layout_basic, lemuel_coloured_pillars_altar,
          nicolae_gozag_seed_capital, kb_rosetta
D:9:      layout_loops_ring, marbit_many_paths, zin_academy, old_standard_altar,
          gammafunk_ghost_hydra_chop, hangedman_decor_points
D:10:     layout_big_octagon, erik_lair_island, ebering_ghost_funeral_grove,
          uniq_harold, uniq_sonja
D:11:     layout_loops_corners, kennysheep_generic_room_3, uniq_nergalle
D:12:     layout_rooms, gauntlet_entry_generic, serial_shops, shop
D:13:     lemuel_ice_spiral_2, layout_basic, lightli_vaults_fourway_checkpoint,
          uniq_urug
D:14:     layout_loops_corners, lemuel_mausoleum_altar_yredelemnul
D:15:     gammafunk_enter_depths_forms, layout_cave_pools, roderic_lattice_a,
          jmf_multi_god_temple2
Temple:   nicolae_temple_x_marks_the_god
Lair:1:   layout_gridlike, enter_volcano_3, special_room [special_room_bee]
Lair:2:   layout_chaotic_city, minivault_29
Lair:3:   nzn_winding_woodlands_cross [nzn_winding_woodlands_5x15_sawtooth,
          nzn_winding_woodlands_5x15_garden, nzn_winding_woodlands_5x15_cabin,
          nzn_winding_woodlands_5x15_pathside_ponds,
          nzn_winding_woodlands_15x15_killbox], layout_regular_city,
          nicolae_swamp_entry_splash_gauntlet,
          minmay_snake_entry_guardpost_small, lemuel_fruit_fields
Lair:4:   layout_regular_city, serial_bayou_lagoon_a, guppyfry_lair_drakes
Lair:5:   layout_hall_layers, slime_altar_1, serial_bayou_crossing,
          infiniplex_staircase_pool
Lair:6:   hangedman_lair_caniforms_friends, layout_long_grid,
          hangedman_lair_tendril_chambers, st_stairs_11
Swamp:1:  layout_falls_marsh, hangedman_swamp_pad, swamp_pool1
Swamp:2:  layout_falls_marsh, hangedman_swamp_cone, swamp_pool1
Swamp:3:  layout_falls_marsh, hangedman_swamp_ruin_wall
Swamp:4:  swamp_vile, layout_basic_swamp, infiniplex_staircase_pool_2
Snake:1:  nicolae_snake_hallway, layout_gridlike
Snake:2:  layout_rooms
Snake:3:  layout_onion, guppyfry_snake_island
Snake:4:  johnstein_snake_rune_scales, layout_basic, uniq_saint_roka
Slime:1:  layout_caves
Orc:1:    layout_diamond_mine, serial_shops, nicolae_shop_stone, basic_altar,
          amcnicky_altar_gilded
Orc:2:    grunt_orc_cross, layout_caves, serial_shops, shop_statue,
          nicolae_shop_trees, nicolae_shop_stone, nicolae_shop_crystal,
          abandoned_shop, minmay_orc_keep, uniq_josephine
Vaults:1: ontoclasm_vaults_tryst, nicolae_vaults_asterisk, v_rooms_4,
          nicolae_vaults_little_squares_1, ontoclasm_vaults_eye, v_misc_3,
          vaults_mumra_chevron, ontoclasm_vaults_twist,
          ontoclasm_vaults_loading_screen, vaults_room_hallway,
          vaults_mumra_hex, layout_vaults_chaotic_city
Abyss:3:  base: Depths:2, gammafunk_abyss_exit_x_factor, minivault_28,
          hangedman_grunt_abyss_rune_horror_hoard, minivault_24

Skill      XL: |  1  2  3  4  5  6  7  8  9 10 11 12 13 14 15 16 17 18 19 |
---------------+----------------------------------------------------------+-----
Fighting       | 3 4 5 6 7 10 12 13 15 | 15.9
Armour         | 1 2 4 5 9 11 13 14 | 14.1
Shields        | 2 5 6 7 13 17 18 | 18.2
Polearms       | 2 4 6 9 11 14 16 | 16.0
Invocations    | 6 10 12 | 12.5
Evocations     | 4 6 |  6.9
Spellcasting   | 4 6 |  6.7
Dodging        | |  1.0
Stealth        | |  2.1
Summonings     | |  1.0
Air Magic      | |  1.5

Action                   |  1- 3 |  4- 6 |  7- 9 | 10-12 | 13-15 | 16-18 | 19-21 || total
-------------------------+-------+-------+-------+-------+-------+-------+-------++-------
Melee: Spear             |    91 |   213 |   542 |  1188 |  1568 |       |       ||  3602
       Trident           |       |       |       |    65 |       |       |       ||    65
       Demon trident     |       |       |       |       |   425 |  1617 |   418 ||  2460
Throw: Javelin           |       |       |     4 |       |       |       |       ||     4
       Throwing net      |       |       |       |     1 |       |       |       ||     1
Invok: Heroism           |       |       |       |     3 |     1 |       |     1 ||     5
       Finesse           |       |       |       |       |       |       |     1 ||     1
 Abil: Fly               |       |       |       |       |     1 |       |       ||     1
Evoke: Wand              |       |       |       |     5 |       |       |       ||     5
  Use: Scroll            |       |     5 |     1 |     7 |    18 |     7 |     2 ||    40
       Potion            |       |       |       |     2 |     2 |       |       ||     4
 Stab: Sleeping          |     4 |       |       |       |       |       |       ||     4
       Distracted        |       |       |       |     1 |       |     1 |       ||     2
       Confused          |       |       |       |       |     1 |     1 |       ||     2
Armor: Robe              |     9 |       |       |       |       |       |       ||     9
       Chain mail        |    31 |   128 |   139 |   448 |   692 |   546 |   108 ||  2092
Dodge: Dodged            |    32 |    54 |   107 |   296 |   389 |   299 |    55 ||  1232
Block: Buckler           |       |    19 |    58 |   152 |   259 |       |       ||   488
       Kite shield       |       |       |       |       |   337 |   922 |   212 ||  1471
